 Dungeon Crawl Stone Soup version 0.31-a0-1074-g0b22e4e0f1 (webtiles) character file.

Game seed: 10795791879633283092

15 drugrobin the Sneak (level 2, -1/25 HPs)
             Began as a Demigod Delver on Dec 7, 2023.
             Succumbed to an adder's poison
             ... on level 3 of the Dungeon.
             The game lasted 00:02:58 (281 turns).

drugrobin the Sneak (Demigod Delver)                 Turns: 281, Time: 00:02:59

Health: -1/25      AC:  3    Str: 13    XL:     2   Next: 21%
Magic:  4/4        EV: 11    Int: 12    God:
Gold:   0          SH:  0    Dex: 15    Spells: 1/1 levels left

rFire   . . .        a - +0 mace
rCold   . . .        (no shield)
rNeg    . . .        b - +0 leather armour
rPois   .            (no helmet)
rElec   .            (no cloak)
rCorr   .            (no gloves)
SInv    +            (no boots)
Will    .....        (no amulet)
Stlth   +++          d - ring of see invisible
HPRegen 0.24/turn    (no ring)
MPRegen 0.09/turn

%: no passive effects
@: lethally poisoned (-1 -> -3)
A: high MP 1, forlorn, divine attributes
a: no special abilities


You were on level 3 of the Dungeon.
You visited 1 branch of the dungeon, and saw 3 of its levels.

Inventory:

Hand Weapons
 a - a +0 mace (weapon)
Armour
 b - a +0 leather armour (worn)
Jewellery
 d - a ring of see invisible (left hand)
Wands
 g - a wand of digging (3)
Scrolls
 c - a scroll of fog
Potions
 f - a potion of haste


   Skills:
 - Level 2.6 Fighting
 + Level 2.7 Maces & Flails
 - Level 1.7 Dodging
 - Level 4.5 Stealth


You had one spell level left.
You didn't know any spells.
Your spell library was empty.

Dungeon Overview and Level Annotations

Branches:
Dungeon (5/15)
 Temple: D:4-7

Annotations:
D:3 exclusions: orc and phantom
D:5 exclusions: adder and orc


Innate Abilities, Weirdness & Mutations

You have an increased reservoir of magic. (+10% MP)
You shall have no god before yourself.
Your divine heritage dramatically boosts your attributes as you level up.


Message History

The adder hisses angrily.
You don't know any spells.
Unknown command.
Your library has no spells.
Unknown command.
You miss the adder. The adder bites you. x2
You miss the adder. The adder misses you.
You hit the adder.
The adder is moderately wounded.
The adder bites you but does no damage. The adder closely misses you.
You barely miss the adder.
The adder is moderately wounded.
The adder bites you.
You are poisoned.
The adder poisons you! The adder barely misses you.
You closely miss the adder. Your punch misses the adder.
The adder is moderately wounded.
You feel very sick. The adder bites you.
You hit the adder.
The adder is heavily wounded.
You feel sick. The adder bites you. The adder closely misses you.
You hit the adder.
The adder is almost dead.
You feel sick. The adder bites you.
* * * LOW HITPOINT WARNING * * *
The adder bites you.
* * * LOW HITPOINT WARNING * * *
Unknown command.
Unknown command.
Okay, then.
You hit the adder but do no damage.
The adder is almost dead.
* * * LOW HITPOINT WARNING * * *
You feel sick. The adder closely misses you.
Unknown command.
Unknown command.
You closely miss the adder.
The adder is almost dead.
You die...

.##.....#..).........#
...##........####...#..# ##
...........#####.......###..
##....##..#####...###.......
...#.. #.....##.......[.....
.. ##..#.###<.....#####.....
#...###....#.# #.....
##....#..##..# #.....
..##.@......# ###...
#.##.S......## .J. ..
#.....#.## ... ##.....#....#
... .....#....# ...
...#...#....# #..
.....#..##### ....###


You could see an adder.

Vanquished Creatures
  An adder (D:3)
  A worm (D:3)
  An endoplasm (D:3)
  A kobold (D:3)
4 creatures vanquished.

Notes
Turn   | Place    | Note
-------+----------+-------------------------------------------
     0 | D:5      | drugrobin the Demigod Delver began the quest for the Orb.
     0 | D:5      | Reached XP level 1. HP: 18/18 MP: 3/3
    63 | D:4      | Noticed a scorpion
    71 | D:4      | Noticed an iguana
   109 | D:3      | Noticed a phantom
   134 | D:3      | Reached XP level 2. HP: 20/25 MP: 4/4
   279 | D:3      | HP: 1/25 [adder (2)]
   281 | D:3      | Succumbed to an adder's poison

Illustrated notes

Levels and vault maps discovered:
D:3:      layout_rooms, xom_butterflies, grunt_temple_overflow_octagram,
          uniq_robin, uniq_natasha
D:4:      layout_basic, chei_slow_surprise, grunt_ministairs_3
D:5:      layout_cave_pools

Skill      XL: |  1 |
---------------+----+-----
Maces & Flails | 2 |  2.7
Fighting       | |  2.6
Dodging        | |  1.7
Stealth        | |  4.5

Action                     || total
---------------------------++-------
  Melee: Mace              ||    27
    Use: Scroll            ||     2
 Armour: Leather armour    ||    16
  Dodge: Dodged            ||    16

Table legend: (Time is in decaauts)
 A = Elapsed time spent in this place.
 B = Non-inter-level travel time spent in this place.
 C = Inter-level travel time spent in this place.
 D = Time resting spent in this place.
 E = Time spent auto-exploring this place.
 F = Levels seen in this place.
 G = Mean time per level.
                   A        B        C        D        E       F      G
               +--------+--------+--------+--------+--------+-----+--------+
         Total |    287 |    287 |      0 |      0 |    131 |   3 |   95.7 |
       Dungeon |    287 |    287 |      0 |      0 |    131 |   3 |   95.7 |
               +--------+--------+--------+--------+--------+-----+--------+

Top non-repeatable levels by time:
     D:3: 191 daAuts
     D:5: 55 daAuts
     D:4: 40 daAuts
